 Dungeon Crawl Stone Soup version 0.29-a0-344-ge2f44be95a (webtiles) character file.

Game seed: 280836781235310844

1329 spaghetti the Slinger (level 8, 7/66 HPs)
             Began as a Deep Dwarf Hunter on Apr 22, 2022.
             Was an Initiate of Makhleb.
             Quit the game on level 6 of the Dungeon.
             The game lasted 00:09:14 (3732 turns).

spaghetti the Slinger (Deep Dwarf Hunter)           Turns: 3732, Time: 00:09:14

Health: 7/66       AC:  5    Str: 16    XL:     8   Next: 34%
Magic:  8/8        EV: 16    Int:  9    God:    Makhleb [......]
Gold:   250        SH:  0    Dex: 18    Spells: 7/7 levels left

rFire   . . .      SeeInvis .   a - +1 hunting sling {sling}
rCold   . . .      Faith    .   (no shield)
rNeg    . . .      Spirit   .   b - +0 leather armour
rPois   +          Reflect  .   (helmet restricted)
rElec   .          Harm     .   v - +0 cloak
rCorr   .          Rampage  .   j - +0 pair of gloves
Will    +....                   (no boots)
Stlth   +.........              (no amulet)
HPRegen 0.00/turn               l - +4 ring of evasion
MPRegen 0.11/turn               (no ring)

@: confused, fire susceptible
A: damage resistance, heal wounds, sense surroundings 1, no regeneration, horns
1, large bone plates 1, poison resistance
a: Heal Wounds, Renounce Religion


You were on level 6 of the Dungeon.
You worshipped Makhleb.
Makhleb was noncommittal.
You visited 2 branches of the dungeon, and saw 7 of its levels.
You also visited: Sewer.

You collected 250 gold pieces.


Innate Abilities, Weirdness & Mutations

You are resistant to damage.
You can heal yourself by infusing magical energy.
You passively map a small area around you.
You do not regenerate.
You have a pair of small horns on your head.
You are partially covered in large bone plates. (SH +4)
Your system is resistant to poisons. (rPois)


   Skills:
 - Level 1.7 Fighting
 + Level 11.9 Slings
 - Level 2.1 Dodging
 - Level 1.2 Stealth


You had 7 spell levels left.
You didn't know any spells.
Your spell library contained the following spells:

 Spells                   Type           Power      Damage    Failure   Level
 Beastly Appendage        Tmut           0%         N/A       45%         1
 Slow                     Hex            0%         N/A       45%         1
 Wereblood                Tmut           0%         N/A       58%         2
 Confusing Touch          Hex            0%         N/A       83%         3
 Spider Form              Tmut/Pois      0%         N/A       83%         3
 Summon Guardian Golem    Hex/Summ       0%         N/A       83%         3
 Vampiric Draining        Necr           0%         2d6       83%         3
 Orb of Destruction       Conj           0%         9d5       100%        7
 Spellforged Servitor     Conj/Summ      0%         N/A       100%        7

Inventory:

Hand Weapons
 a - a +1 hunting sling (weapon) {sling}
 z - a +0 mace of protection {mace}
   (You found it on level 5 of the Dungeon)
 E - a +1 dagger of freezing {short}
   (You took it off an orc wizard on level 6 of the Dungeon)
Missiles
 e - 180 stones {throwing}
 t - 3 boomerangs {throwing}
 u - 3 poisoned darts {throwing}
 x - 2 throwing nets {=f!fthrowing}
Armour
 b - a +0 leather armour (worn)
 j - a +0 pair of gloves (worn)
   (You found it on level 1 of the Dungeon)
 v - a +0 cloak (worn)
   (You found it on level 3 of the Dungeon)
Magical Staves
 p - a staff of earth {!astaff}
   (You found it on level 3 of the Dungeon)
 B - a staff of poison {!astaff}
   (You found it on level 5 of the Dungeon)
Jewellery
 l - a +4 ring of evasion (left hand)
   (You found it on level 2 of the Dungeon)
 s - a ring of see invisible
   (You found it on level 3 of the Dungeon)
 H - a ring of fire
   (You found it on level 6 of the Dungeon)
Wands
 k - a wand of flame (14)
   (You found it on level 2 of the Dungeon)
 G - a wand of polymorph (4)
   (You found it on level 6 of the Dungeon)
 I - a wand of charming (3)
   (You found it on level 6 of the Dungeon)
Scrolls
 c - 3 scrolls of immolation {!r!r}
 d - 6 scrolls of fog {unknown}
 f - 3 scrolls of teleportation {unknown}
 h - a scroll of blinking {unknown}
 m - a scroll of amnesia {unknown}
 n - a scroll of holy word {unknown}
 o - a scroll of torment {unknown}
 q - a scroll of identify {unknown}
 r - 3 scrolls of fear {unknown}
 y - 2 scrolls of enchant armour {unknown}
 F - 3 scrolls of summoning {unknown}
Potions
 g - a potion of degeneration {!q@e2}
 i - a potion of lignification {!q}
 w - a potion of curing {@q1}
 A - a potion of ambrosia {unknown}
 C - a potion of haste {unknown}
 D - a potion of brilliance {unknown}

Dungeon Overview and Level Annotations

Branches:
Dungeon (6/15)             Temple (1/1) D:4           Sewer (visited)

Altars:
Ashenzari
Dithmenos
Elyvilon
Fedhas
Kikubaaqudgha
Makhleb
Okawaru
Qazlal
Ru
Sif Muna
Trog
Uskayaw
Vehumet
Wu Jian
Xom
Zin
The Shining One
Ignis

Shops:
D:5 = D:6

( # ...........#.#
.##...........# *
...............
*#..........## , ,
*#.....##..## *
#........## ,
#...).##### ...#######
#.........#
......E@E###.....###.[.
...#####.○°......# * #
, , ###.......#* * ,
#...####.... > #...#
##### #...# #####


You could see 2 fire elementals.


Message History

The hound barks!
Fire: a) +1 hunting sling {sling}
Press: ? - help, Q - select action, (/) - cycle Shift-Dir - straight line, f/p - hound
Aim: a hound (56% to hit)
You shoot a sling bullet.
The sling bullet closely misses the hound.
Fire: a) +1 hunting sling {sling}
Press: ? - help, Q - select action, (/) - cycle Shift-Dir - straight line, f/p - hound
Aim: a hound (56% to hit)
You shoot a sling bullet. The sling bullet hits the hound!
Fire: a) +1 hunting sling {sling}
Press: ? - help, Q - select action, (/) - cycle Shift-Dir - straight line, f/p - hound
Aim: a hound (severely wounded, 56% to hit)
You shoot a sling bullet.
The sling bullet barely misses the hound.
Fire: a) +1 hunting sling {sling}
Press: ? - help, Q - select action, (/) - cycle Shift-Dir - straight line, f/p - hound
Aim: a hound (severely wounded, 56% to hit)
You shoot a sling bullet.
The sling bullet barely misses the hound.
The hound misses you. You block the hound's attack.
Fire: a) +1 hunting sling {sling}
Press: ? - help, Q - select action, (/) - cycle Shift-Dir - straight line, f/p - hound
Aim: a hound (severely wounded, 56% to hit)
You shoot a sling bullet.
The sling bullet closely misses the hound.
You block the hound's attack.
Fire: a) +1 hunting sling {sling}
Press: ? - help, Q - select action, (/) - cycle Shift-Dir - straight line, f/p - hound
Aim: a hound (severely wounded, 56% to hit)
You shoot a sling bullet. The sling bullet hits the hound.
You block the hound's attack. The hound bites you but does no damage.
Fire: a) +1 hunting sling {sling}
Press: ? - help, Q - select action, (/) - cycle Shift-Dir - straight line, f/p - hound
Aim: a hound (almost dead, 56% to hit)
You shoot a sling bullet.
The sling bullet barely misses the hound.
The hound barely misses you.
Fire: a) +1 hunting sling {sling}
Press: ? - help, Q - select action, (/) - cycle Shift-Dir - straight line, f/p - hound
Aim: a hound (almost dead, 56% to hit)
You shoot a sling bullet.
The sling bullet barely misses the hound.
The hound completely misses you.
Fire: a) +1 hunting sling {sling}
Press: ? - help, Q - select action, (/) - cycle Shift-Dir - straight line, f/p - hound
Aim: a hound (almost dead, 56% to hit)
You shoot a sling bullet.
The sling bullet closely misses the hound.
The hound bites you. The hound misses you. 😮 HP[-3]
You take 3 damage, and now have 40/66 hp.
Fire: a) +1 hunting sling {sling}
Press: ? - help, Q - select action, (/) - cycle Shift-Dir - straight line, f/p - hound
Aim: a hound (almost dead, 56% to hit)
You shoot a sling bullet.
The sling bullet barely misses the hound.
The hound barely misses you.
Fire: a) +1 hunting sling {sling}
Press: ? - help, Q - select action, (/) - cycle Shift-Dir - straight line, f/p - hound
Aim: a hound (almost dead, 56% to hit)
You shoot a sling bullet. The sling bullet hits the hound!
You kill the hound!
Makhleb accepts your kill.
H - a ring of fire
e - 180 stones {throwing} (gained 2)
You see here a +0 spear {polearm}.
I - a wand of charming (3) "Betrayer!
Apostate!
Perish!"
The divine experience confuses you!
You are confused. 2 fire elementals come into view.
The fire elemental hits you. The fire elemental burns you!
* * * LOW HITPOINT WARNING * * *
😨 HP[-9]
You take 9 damage, and now have 31/66 hp.
You bump into the rock wall.
The fire elemental hits you. The fire elemental burns you!
* * * LOW HITPOINT WARNING * * *
😨 HP[-8]
You take 8 damage, and now have 23/66 hp.
You are too confused!
You are too confused! 🤖 Initializing magus.rc ...
Options error: Delay interrupt name "hungry" not recognised. (~/.crawlrc:4761) Options error: Bad monster_list_colour key: strict_neutral (~/.crawlrc:4776) ✅ Successfully initialized magus.rc [v1.9.6] Welcome back, spaghetti the Deep Dwarf Hunter.
Blood and souls for Makhleb!
Press ? for a list of commands and other information.
You're too confused to move!
The fire elemental hits you. The fire elemental burns you!
* * * LOW HITPOINT WARNING * * *
The fire elemental hits you. The fire elemental burns you!
* * * LOW HITPOINT WARNING * * *
😱 HP[-16]
You take 16 damage, and now have 7/66 hp.
MASSIVE DAMAGE!! (PAUSE)
You are too confused!
Are you sure you want to abandon this character and quit the game? (Confirm with "yes".)

Skill      XL: |  1  2  3  4  5  6  7 |
---------------+----------------------+-----
Slings         | 6 7 8 9 11 | 11.9
Fighting       | |  1.7
Dodging        | |  2.1
Stealth        | |  1.2

Action                   |  1- 3 |  4- 6 |  7- 9 || total
-------------------------+-------+-------+-------++-------
 Fire: Hunting sling     |    49 |   170 |   180 ||   399
Invok: Foxfire Swarm     |       |     4 |     3 ||     7
       Fiery Armour      |       |     1 |     1 ||     2
       Rising Flame      |       |       |     1 ||     1
 Abil: Heal Wounds       |       |       |     2 ||     2
  Use: Potion            |       |     5 |     2 ||     7
Armor: Leather armour    |     8 |     3 |    12 ||    23
Dodge: Dodged            |    16 |    25 |    61 ||   102
Block: Other             |       |     8 |     9 ||    17

Levels and vault maps discovered:
D:1:      roderic_chinese_lattice_arrival, layout_rooms, serial_curves,
          eino_curves_03, eino_curves_04, minmay_tromino_i2
D:2:      layout_loops_cross, serial_undead, serial_undead_e, serial_undead_a,
          serial_undead_b, serial_undead_f, serial_undead_b, serial_undead_d,
          serial_undead_c, nicolae_ecumenical_snake_handling
D:3:      layout_rooms, elyvilon_altar_4
D:4:      minmay_skewed_foursquare, layout_loops_ring,
          minmay_temple_entry_offerings, uniq_sigmund, uniq_menkaure
D:5:      layout_rooms, portal_sewer_entry_b, minmay_misc_feat_cross,
          minmay_shop_enchanted_jewellery
D:6:      layout_rooms, mainiacjoe_overflow_big_doors,
          nicolae_overflow_crystal_walls, cheibrodos_worm_habitat, serial_shops,
          shop_fountains, shop, kennysheep_little_box, nicolae_shop_statue_plus,
          serial_bayou_crossing, uniq_pikel
Temple:   lightli_temple_of_artemis

Notes
Turn   | Place    | Note
-------+----------+-------------------------------------------
     0 | D:1      | spaghetti the Deep Dwarf Hunter began the quest for the
                  | Orb.
     0 | D:1      | Reached XP level 1. HP: 19/19 MP: 1/1
     0 | D:1      | magus.rc [v1.9.6]
   267 | D:1      | Reached XP level 2. HP: 26/26 MP: 2/2
   325 | D:1      | Reached skill level 5 in Slings
   359 | D:1      | You pick up a book of Changes and begin reading...
   359 | D:1      | You add the spells Beastly Appendage, Wereblood and Spider
                  | Form to your library.
   631 | D:2      | Noticed a phantom
   652 | D:2      | Killed a phantom
   653 | D:2      | Reached skill level 6 in Slings
   653 | D:2      | Reached XP level 3. HP: 11/32 MP: 3/3
   653 | D:2      | Reached XP level 4. HP: 13/39 MP: 4/4
   675 | D:2      | Found a faded altar of an unknown god.
   687 | D:2      | Prayed at the altar of an unknown god.
   687 | D:2      | Became a worshipper of Ignis, the Dying Flame
  1398 | D:3      | Reached skill level 7 in Slings
  1398 | D:3      | Reached XP level 5. HP: 13/45 MP: 5/5
  1720 | D:3      | Found a white marble altar of Elyvilon.
  1870 | D:3      | Gained mutation: Your system is resistant to poisons.
                  | (rPois) [potion of mutation]
  1870 | D:3      | Gained mutation: You have a pair of small horns on your
                  | head. [potion of mutation]
  1870 | D:3      | Gained mutation: You are partially covered in large bone
                  | plates. (SH +4) [potion of mutation]
  1999 | D:4      | Reached skill level 8 in Slings
  1999 | D:4      | Reached XP level 6. HP: 17/52 MP: 6/6
  2000 | D:4      | Noticed Sigmund
  2013 | D:4      | Killed Sigmund
  2017 | D:4      | Found a staircase to the Ecumenical Temple.
  2029 | D:4      | You pick up a book of Dangerous Friends and begin
                  | reading...
  2029 | D:4      | You add the spells Summon Guardian Golem, Orb of
                  | Destruction and Spellforged Servitor to your library.
  2032 | Temple   | Entered the Ecumenical Temple
  2082 | D:4      | HP: 13/52 [phantom (4)]
  2086 | D:4      | Reached skill level 9 in Slings
  2124 | D:4      | HP: 13/52 [scorpion (3)]
  2127 | D:4      | Reached XP level 7. HP: 12/58 MP: 7/7
  2270 | D:4      | Noticed Menkaure
  2279 | D:4      | HP: 14/58 [Menkaure (11)]
  2281 | D:4      | HP: 3/58 [Menkaure/nerve-wracking pain (11)]
  2283 | D:4      | Killed Menkaure
  2284 | D:4      | Reached skill level 10 in Slings
  2677 | D:5      | Entered Level 5 of the Dungeon
  2780 | D:5      | You pick up a book of Debilitation and begin reading...
  2780 | D:5      | You add the spells Slow, Vampiric Draining and Confusing
                  | Touch to your library.
  2933 | D:5      | Found Avopnyc's Jewellery Shop.
  3116 | D:5      | Found a glowing drain.
  3129 | Sewer    | Entered a sewer
  3148 | Sewer    | Noticed Pargi
  3158 | Sewer    | Killed Pargi
  3159 | Sewer    | Reached skill level 11 in Slings
  3159 | Sewer    | Reached XP level 8. HP: 48/66 MP: 8/8
  3566 | Temple   | Fell from the grace of Ignis
  3566 | Temple   | Became a worshipper of Makhleb the Destroyer
  3629 | D:6      | Found Yrchat's Antique Weapon Shoppe.
  3731 | D:6      | magus.rc [v1.9.6]
  3731 | D:6      | HP: 12/66 [fire elemental[the fiery vengeance of Ignis]
                  | (11)]
  3732 | D:6      | Quit the game

Vanquished Creatures
  Sigmund (D:4)
  Menkaure (D:4)
  Pargi (Sewer)
  An orc warrior (D:6)
  An ogre (D:4)
  3 phantoms
  A scorpion (D:4)
  2 hounds
  2 jellies
  2 orc priests
  3 iguanas (D:4)
  3 orc wizards
  5 adders
  A shadow imp (D:6)
  An adder skeleton (D:2)
  An adder zombie (D:2)
  2 worms
  3 dart slugs
  15 orcs
  11 ball pythons
  6 bats
  4 endoplasms
  2 giant cockroaches (D:3)
  5 goblins
  4 hobgoblins
  2 jackals (D:4)
  A quokka (D:5)
  7 frilled lizards
  A giant cockroach zombie (D:2)
  2 jackal zombies (D:2)
  8 kobolds
  9 rats
111 creatures vanquished.

Vanquished Creatures (others)
  A quokka (D:3)
  74 foxfires
  2 withered plants (D:2)
77 creatures vanquished.

Grand Total: 188 creatures vanquished

Table legend:
 A = Non-vault XP
 B = Vault XP
 C = Vault XP percentage of total XP
 D = Non-vault monster count
 E = Vault monster count
 F = Vault count percentage of total count
                 A         B        C        D         E       F
            +---------+---------+-------+---------+---------+-------
      Total |    1182 |     717 |  37.8 |      84 |      27 |  24.3
            +---------+---------+-------+---------+---------+-------
        D:1 |      19 |       4 |  17.4 |      15 |       2 |  11.8
        D:2 |     139 |      27 |  16.3 |      16 |       7 |  30.4
        D:3 |      53 |       0 |   0.0 |      15 |       0 |   0.0
        D:4 |     380 |     514 |  57.5 |      19 |       6 |  24.0
        D:5 |     236 |      16 |   6.3 |       8 |       4 |  33.3
        D:6 |     355 |       0 |   0.0 |      11 |       0 |   0.0
      Sewer |       0 |     156 | 100.0 |       0 |       8 | 100.0
            +---------+---------+-------+---------+---------+-------

Illustrated notes

Table legend:
 A = Kills in this place as a percentage of kills in entire the game.
 B = Kills by you in this place as a percentage of kills by you in the entire game.
 C = Kills by friends in this place as a percentage of kills by friends in the entire game.
 D = Other kills in this place as a percentage of other kills in the entire game.
 E = Experience gained in this place as a percentage of experience gained in the entire game.
 F = Experience gained in this place divided by the number of levels of this place that you have seen.
                   A       B       C       D       E      F
               +-------+-------+-------+-------+-------+----------------------
         Total | 100.0 | 100.0 |   N/A |   N/A | 100.0 | 237.4
       Dungeon |  92.8 |  92.8 |   N/A |   N/A |  91.8 | 290.5
         Sewer |   7.2 |   7.2 |   N/A |   N/A |   8.2 | 156.0
               +-------+-------+-------+-------+-------+----------------------

Table legend: (Time is in decaauts)
 A = Elapsed time spent in this place.
 B = Non-inter-level travel time spent in this place.
 C = Inter-level travel time spent in this place.
 D = Time resting spent in this place.
 E = Time spent auto-exploring this place.
 F = Levels seen in this place.
 G = Mean time per level.
                   A        B        C        D        E       F      G
               +--------+--------+--------+--------+--------+-----+--------+
         Total |   3811 |   3547 |    264 |    302 |   2520 |   8 |  476.4 |
       Dungeon |   3544 |   3299 |    245 |    302 |   2332 |   6 |  590.7 |
        Temple |    110 |     92 |     18 |      0 |     79 |   1 |  110.0 |
         Sewer |    156 |    156 |      0 |      0 |    108 |   1 |  156.0 |
               +--------+--------+--------+--------+--------+-----+--------+

Top non-repeatable levels by time:
     D:4: 865 daAuts
     D:2: 743 daAuts
     D:5: 637 daAuts
     D:1: 634 daAuts
     D:3: 537 daAuts
   Sewer: 156 daAuts
     D:6: 126 daAuts
  Temple: 110 daAuts
